cohdb
Replays
Latest Replays
All Replays
Popular Replays
Top Player Replays
Match Explorer
How It Works
Community
CoH3 Stats
Reddit
Sign in to upload your games and track your stats! →
Sign in with Steam
Match 34758203
Unlisted
Match 34758203
Overview
Messages
Build Orders
End
Royal Engineer Section
Selects Heavy Armor Battlegroup
Construct Section Command Post
Dingo Light Scout Car
Vickers Machine Gun Team
Infantry Section
Construct Platoon Command Post
Humber Armored Car
6-pounder Anti-tank Gun Team
CMP 15cwt Truck
Infantry Section
Selects Rigorous Vehicle Training
Selects Crusader AA Medium Tank
Crusader AA Medium Tank
Royal Engineer Section
Construct Company Command Post
Selects Light Vehicle Withdraw and Refit
Selects Radio Net
Selects UNKNOWN (2162094)
Light Vehicle Withdraw and Refit
Grenade Package
Churchill IV Heavy Tank
6-pounder Anti-tank Gun Team
Selects Recon Artillery
Recon Artillery
Royal Engineer Section
Royal Engineer Section
Churchill IV Heavy Tank
Recon Artillery
Recon Artillery
Krooger
★★★ DominaTor ★★★
A-Train12
Sir-Games-A-Lot
UH|dun! ツ
UH|ck
UH|XTC
insane
0
0
Comments
sign in to comment!
No comments posted yet!